 Dungeon Crawl Stone Soup version 0.20.0-7-g3b7b877 (webtiles) character file.

3410 mopl the Arsonist (level 9, 0/49 HPs)
             Began as a Deep Elf Fire Elementalist on May 29, 2017.
             Was an Initiate of Vehumet.
             Slain by a bullfrog skeleton (2 damage)
             ... on level 9 of the Dungeon.
             The game lasted 00:15:59 (7102 turns).

mopl the Arsonist (Deep Elf Fire Elementalist)      Turns: 7102, Time: 00:15:59

Health: 0/49       AC:  4    Str:  9    XL:     9   Next: 75%
Magic:  22/22      EV: 13    Int: 23    God:    Vehumet [......]
Gold:   476        SH:  0    Dex: 15    Spells: 5/23 levels left

rFire    . . .     SeeInvis .   a - staff of energy {!a}
rCold    . . .     Gourm    +   (no shield)
rNeg     . . .     Faith    .   m - +0 robe
rPois    .         Spirit   .   K - +0 helmet
rElec    .         Reflect  .   y - +0 cloak (curse)
rCorr    .         Harm     .   (no gloves)
MR       .....                  (no boots)
Stlth    +.........             J - amulet of the gourmand
Regen    0.2/turn               s - ring of loudness (curse)
MPRegen  0.2/turn               N - +3 ring of strength

@: no status effects
A: no striking features
a: Renounce Religion


You were on level 9 of the Dungeon.
You worshipped Vehumet.
Vehumet was noncommittal.
You were completely stuffed.

You visited 2 branches of the dungeon, and saw 10 of its levels.

You collected 476 gold pieces.

Inventory:

Hand Weapons
 k - a +0 spear
 H - the +4 trident of Foolhardiness {pierce, *Noise MP+9 Dex+6 SInv}
   (You found it on level 7 of the Dungeon)

   It inflicts extra damage upon your enemies.
   It affects your dexterity (+6).
   It affects your magic capacity (+9).
   It lets you see invisible.
   It may make noises in combat.
Missiles
 j - 9 poisoned needles
 B - 3 throwing nets (quivered)
Armour
 m - a +0 robe (worn)
 y - a cursed +0 cloak (worn)
 K - a +0 helmet (worn)
Magical Staves
 a - an uncursed staff of energy (weapon) {!a}
 C - an uncursed staff of poison {!a}
Jewellery
 s - a cursed ring of loudness (left hand)
 J - an amulet of the gourmand (around neck)
 N - a +3 ring of strength (right hand)
Wands
 r - a wand of lightning (0/15)
 w - a wand of clouds (2/9)
 x - a wand of digging (13/24)
 L - a wand of digging (13/24)
Scrolls
 d - a scroll of random uselessness {unknown}
 e - a scroll of immolation {unknown}
 g - 2 scrolls of magic mapping {unknown}
 h - 7 scrolls of identify {unknown}
 i - a scroll of blinking {unknown}
 n - a scroll of recharging {unknown}
 o - a scroll of noise {unknown}
 q - a scroll of teleportation {unknown}
 t - 2 scrolls of remove curse {unknown}
 v - 2 scrolls of amnesia {unknown}
 F - a scroll of enchant weapon {unknown}
 I - a scroll of fear {unknown}
Potions
 f - 4 potions of curing {unknown}
 p - 2 potions of flight {unknown}
 u - a potion of brilliance {unknown}
 A - 3 potions of heal wounds {unknown}
 D - a potion of might {unknown}
 E - a potion of magic {unknown}
 G - a potion of lignification {unknown}
 O - a potion of degeneration {unknown}
Books
 b - a book of Flames

   Spells                             Type                      Level
   a - Flame Tongue                   Conjuration/Fire             1
   b - Throw Flame                    Conjuration/Fire             2
   c - Conjure Flame                  Conjuration/Fire             3
   d - Inner Flame                    Hexes/Fire                   3
   e - Sticky Flame                   Conjuration/Fire             4
   f - Fireball                       Conjuration/Fire             5
 z - a book of Geomancy

   Spells                             Type                      Level
   a - Sandblast                      Earth                        1
   b - Passwall                       Transmutation/Earth          2
   c - Stone Arrow                    Conjuration/Earth            3
   d - Petrify                        Transmutation/Earth          4
   e - Lee's Rapid Deconstruction     Earth                        5
Comestibles
 c - 7 bread rations
 l - 3 meat rations
 M - 7 chunks of flesh


   Skills:
 + Level 2.6 Fighting
 - Level 2.4 Dodging
 - Level 2.4 Stealth
 + Level 7.7 Spellcasting
 * Level 8.9 Conjurations
 * Level 9.6 Fire Magic
 + Level 4.4 Evocations


You had 5 spell levels left.
You knew the following spells:

 Your Spells              Type           Power        Failure   Level  Hunger
a - Flame Tongue          Conj/Fire      #####        1%          1    None
b - Stone Arrow           Conj/Erth      ####..       3%          3    None
c - Conjure Flame         Conj/Fire      ######..     1%          3    None
d - Sticky Flame          Conj/Fire      ######..     1%          4    None
e - Throw Flame           Conj/Fire      ######       1%          2    None
f - Fireball              Conj/Fire      ######....   4%          5    None


Dungeon Overview and Level Annotations

Branches:
Dungeon (9/15)             Temple (1/1) D:5
   Lair: D:8-11         Orc: D:9-12

Altars:
Ashenzari
Cheibriados
Dithmenos
Elyvilon
Fedhas
Gozag
Hepliaklqana
Kikubaaqudgha
Makhleb
Nemelex Xobeh
Okawaru
Qazlal
Ru
Sif Muna
Trog
Uskayaw
Vehumet
Xom
Zin
The Shining One

Shops:
D:5 =

Annotations:
D:9 Erolcha


Message History

The fireball explodes!
The fireball engulfs you!
You hear an angry hiss.
Okay, then.
Erolcha casts a spell at you. The orb of energy hits you!
* * * LOW HITPOINT WARNING * * *
Erolcha gestures at you while chanting. You resist with some effort.
A bullfrog skeleton comes into view.
An iguana comes into view.
The iguana hisses angrily.
The bullfrog skeleton barely misses you.
The iguana closely misses you. The iguana closely misses you.
The bullfrog skeleton misses you.
There is a stone staircase leading up here.
The iguana bites you!
* * * LOW HITPOINT WARNING * * *
The bullfrog skeleton hits you.
You die...

.................##...#....<.+
......(........>.####.'......#
..#......#..##O### ###......#
...........###.# #......#
....#..#...##..# #####+##
..........###.##
###....###...# ####.###.#####
#.......l@# ###.....Z.#
#.......## #.).......
#.......### #.).....#
#.......# ##<###### #..#


You could see an iguana and a bullfrog skeleton.

Vanquished Creatures
  A hippogriff (D:8)
  A spriggan (D:7)
  Sigmund (D:3)
  3 wyverns
  An orc warrior (D:6)
  3 sky beasts
  2 phantoms
  A black bear (D:8)
  7 ogres
  2 centaurs
  A bullfrog (D:8)
  5 killer bees
  A howler monkey (D:4)
  2 crimson imps
  A quasit (D:9)
  An orc priest (D:5)
  2 hounds (D:8)
  3 jellies
  Terence (D:3)
  Jessica (D:3)
  2 iguanas
  2 orc wizards
  3 worker ants
  A hound skeleton (D:4)
  11 gnolls
  6 adders
  A shadow imp (D:8)
  An ooze (D:2)
  4 adder skeletons
  2 dart slugs
  6 leopard geckos
  12 orcs
  A ball python (D:6)
  7 giant cockroaches
  11 goblins
  6 hobgoblins
  10 jackals
  2 quokkas
  6 bats
  5 frilled lizards
  A jackal zombie (D:8)
  7 kobolds
  2 quokka skeletons
  2 rats
151 creatures vanquished.

Vanquished Creatures (others)
  An orc (D:9)
  A quokka (D:8)
2 creatures vanquished.

Grand Total: 153 creatures vanquished

Notes
Turn   | Place    | Note
-------+----------+-------------------------------------------
     0 | D:1      | mopl the Deep Elf Fire Elementalist began the quest for the Orb.
     0 | D:1      | Reached XP level 1. HP: 10/10 MP: 6/6
   257 | D:1      | Reached XP level 2. HP: 15/15 MP: 4/8
   261 | D:1      | Learned a level 2 spell: Throw Flame
   359 | D:1      | Reached skill level 2 in Conjurations
   515 | D:2      | Found a glowing golden altar of the Shining One.
   578 | D:2      | Reached skill level 4 in Fire Magic
   592 | D:2      | Reached XP level 3. HP: 19/19 MP: 6/9
   606 | D:2      | Found a sparkling altar of Nemelex Xobeh.
   611 | D:2      | Found a snail-covered altar of Cheibriados.
  1054 | D:3      | Learned a level 3 spell: Conjure Flame
  1117 | D:3      | Found an iron altar of Okawaru.
  1124 | D:3      | Noticed Terence
  1173 | D:3      | Reached XP level 4. HP: 22/24 MP: 6/11
  1179 | D:3      | Learned a level 4 spell: Sticky Flame
  1192 | D:3      | Killed Terence
  1192 | D:3      | Reached skill level 3 in Conjurations
  1258 | D:3      | Noticed Sigmund
  1401 | D:3      | Noticed Jessica
  1404 | D:3      | Killed Jessica
  1404 | D:3      | Reached skill level 4 in Spellcasting
  1527 | D:3      | Reached XP level 5. HP: 28/28 MP: 10/13
  1859 | D:3      | Killed Sigmund
  1859 | D:3      | Reached skill level 4 in Conjurations
  1859 | D:3      | Reached skill level 5 in Fire Magic
  1859 | D:3      | Reached XP level 6. HP: 23/32 MP: 3/14
  2226 | D:4      | Found a stormy altar of Qazlal.
  2287 | D:4      | Reached skill level 5 in Spellcasting
  2287 | D:4      | Reached skill level 5 in Conjurations
  2287 | D:4      | Reached skill level 6 in Fire Magic
  2392 | D:4      | Learned a level 5 spell: Fireball
  2671 | D:4      | Reached XP level 7. HP: 25/36 MP: 0/16
  3113 | D:5      | Entered Level 5 of the Dungeon
  3121 | D:5      | Found a staircase to the Ecumenical Temple.
  3128 | Temple   | Entered the Ecumenical Temple
  3603 | D:5      | Reached skill level 6 in Conjurations
  3732 | D:5      | Reached skill level 7 in Fire Magic
  3788 | D:5      | Found Zir Zybiz's Jewellery Shoppe.
  3792 | D:5      | Reached skill level 1 in Evocations
  3999 | D:6      | Reached XP level 8. HP: 41/41 MP: 13/18
  4009 | D:6      | Reached skill level 6 in Spellcasting
  4228 | D:6      | Reached skill level 2 in Evocations
  4336 | D:6      | Reached skill level 7 in Conjurations
  5178 | D:7      | Learned a level 3 spell: Stone Arrow
  5374 | D:7      | Got a bloodstained trident
  5375 | D:7      | Identified the +4 trident of Foolhardiness {pierce, *Noise MP+9 Dex+6 SInv} (You found it on level 7 of the Dungeon)
  5698 | D:7      | Noticed a dagger
  5698 | D:7      | Found a hide-covered altar of Uskayaw.
  5699 | D:7      | Noticed a hand axe
  5706 | D:7      | Reached skill level 8 in Fire Magic
  5761 | D:7      | Reached skill level 1 in Fighting
  5761 | D:7      | Reached skill level 3 in Evocations
  5914 | D:8      | Reached XP level 9. HP: 18/47 MP: 11/21
  5959 | D:8      | Found a white marble altar of Elyvilon.
  6120 | D:8      | Reached skill level 7 in Spellcasting
  6120 | D:8      | Reached skill level 8 in Conjurations
  6131 | D:8      | Found a radiant altar of Vehumet.
  6137 | D:8      | Became a worshipper of Vehumet
  6332 | D:8      | Reached skill level 2 in Fighting
  6332 | D:8      | Reached skill level 9 in Fire Magic
  6384 | D:8      | Reached skill level 4 in Evocations
  7084 | D:9      | Noticed Erolcha
  7102 | D:9      | HP: 2/49 [iguana (8)]
  7102 | D:9      | Slain by a bullfrog skeleton

Skill      XL: |  1  2  3  4  5  6  7  8  9 |
---------------+----------------------------+-----
Conjurations   | 2 3 4 5 6 7 8 |  8.9
Fire Magic     | 4 5 6 7 8 9 |  9.6
Spellcasting   | 4 5 6 7 |  7.7
Evocations     | 1 3 4 |  4.4
Fighting       | 1 2 |  2.6
Dodging        | |  2.4
Stealth        | |  2.4

Action                   |  1- 3 |  4- 6 |  7- 9 || total
-------------------------+-------+-------+-------++-------
Melee: Spear             |    10 |    37 |     6 ||    53
 Cast: Flame Tongue      |    70 |    77 |   133 ||   280
       Conjure Flame     |       |     3 |     8 ||    11
       Sticky Flame      |       |     4 |    20 ||    24
       Throw Flame       |       |     1 |     1 ||     2
       Fireball          |       |       |     6 ||     6
       Stone Arrow       |       |       |     7 ||     7
Evoke: Wand              |       |     1 |       ||     1
       Staff of energy   |       |       |    43 ||    43
 Stab: Distracted        |       |     1 |       ||     1
  Eat: Chunk             |     1 |     5 |    21 ||    27
       Fruit             |       |       |     1 ||     1
       Royal jelly       |       |       |     1 ||     1
Armor: Robe              |     6 |    13 |     7 ||    26
Dodge: Dodged            |    26 |    51 |    61 ||   138
